| TOP OF THE 1ST |
|
Quincy Cubs batting - Pitching for Wausau Timbers : RHP Mario Duran
|
|
Pitching: RHP Mario Duran
|
|
|
Batting: RHB Alex Juarez
|
0-0: Called Strike 0-1: Swinging Strike 0-2: Ball 1-2: Ball 2-2: Ball 3-2: Fly out, F9 (Flyball, 9S, EV 84.4 MPH)
|
|
Batting: RHB Jack Ayer
|
0-0: Foul Ball, location: 2F 0-1: Foul Ball, location: 2F 0-2: Ground out 4-3 (Groundball, 4, EV 88.8 MPH)
|
|
Batting: SHB Willie Perez
|
0-0: Ball 1-0: Foul Ball, location: 2F 1-1: Called Strike 1-2: Ball 2-2: SINGLE (Flyball, 5D, EV 87.5 MPH)
|
|
Batting: RHB Wes Clements
|
0-0: Ball 1-0: DOUBLE (Line Drive, 9LS, EV 105.6 MPH) Willie Perez to third Runner from 3rd tries for Home, SAFE, no throw by RF
|
|
Batting: RHB Jerry Fry
|
0-0: Foul Ball, location: 2F 0-1: Ground out 5-3 (Groundball, 56, EV 101.3 MPH)
|
| Top of the 1st over - 1 run, 2 hits, 0 errors, 1 left on base; Quincy 1 - Wausau 0 |
| BOTTOM OF THE 1ST |
|
Wausau Timbers batting - Pitching for Quincy Cubs : RHP Charles Lusted
|
|
Pitching: RHP Charles Lusted
|
|
|
Batting: SHB Herman Lewis
|
0-0: Called Strike 0-1: Ball 1-1: Called Strike 1-2: Ground out 6-3 (Groundball, 6, EV 105.0 MPH)
|
|
Batting: LHB Rodney Nealeigh
|
0-0: Called Strike 0-1: Ball 1-1: Ball 2-1: Ball 3-1: Foul Ball, location: 2F 3-2: Fly out, F9 (Flyball, 9LM, EV 95.0 MPH)
|
|
Batting: RHB Rich Renteria
|
0-0: Ball 1-0: Ground out 6-3 (Groundball, 6S, EV 78.1 MPH)
|
| Bottom of the 1st over - 0 runs, 0 hits, 0 errors, 0 left on base; Quincy 1 - Wausau 0 |
| TOP OF THE 2ND |
|
Quincy Cubs batting - Pitching for Wausau Timbers : RHP Mario Duran
|
|
Batting: RHB Billy Best
|
0-0: Ball 1-0: Foul Ball, location: 2F 1-1: Foul Ball, location: 2F 1-2: Ball 2-2: Foul Ball, location: 2F 2-2: Foul Ball, location: 2F 2-2: Ball 3-2: Foul Ball, location: 2F 3-2: Foul Ball, location: 2F 3-2: Ground out 6-3 (Groundball, 6, EV 81.3 MPH)
|
|
Batting: RHB Garry Keeton
|
0-0: Foul Ball, location: 2F 0-1: Ball 1-1: Ground out 1-3 (Groundball, 13S, EV 72.5 MPH)
|
|
Batting: RHB Samuel Bass
|
0-0: Ball 1-0: Ball 2-0: Called Strike 2-1: Ball 3-1: Swinging Strike 3-2: Fly out, F7 (Flyball, 7, EV 92.5 MPH)
|
| Top of the 2nd over - 0 runs, 0 hits, 0 errors, 0 left on base; Quincy 1 - Wausau 0 |
| BOTTOM OF THE 2ND |
|
Wausau Timbers batting - Pitching for Quincy Cubs : RHP Charles Lusted
|
|
Batting: LHB Tom M Foley
|
0-0: Ball 1-0: Called Strike 1-1: Foul Ball, location: 2F 1-2: Foul Ball, location: 2F 1-2: Foul Ball, location: 2F 1-2: Ball 2-2: Ball 3-2: SINGLE (Flyball, 7S, EV 88.1 MPH)
|
|
Batting: RHB Douglas Davis
|
0-0: Ball 1-0: Ball 2-0: Called Strike 2-1: 2-RUN HOME RUN (Flyball, 78XD, EV 105.0 MPH), Distance : 417 ft
|
|
Batting: LHB Ricky Seilheimer
|
0-0: Ball 1-0: Foul Ball, location: 2F 1-1: Foul Ball, location: 2F 1-2: Ground out 5-3 (Groundball, 5, EV 88.1 MPH)
|
|
Batting: RHB Bruce Chaney
|
0-0: Swinging Strike 0-1: Called Strike 0-2: Foul Ball, location: 2F 0-2: Ball 1-2: Fly out, F8 (Flyball, 8RS, EV 94.4 MPH)
|
|
Batting: RHB Jeffrey Young
|
0-0: Called Strike 0-1: Foul Ball, location: 2F 0-2: Ground out 4-3 (Groundball, 4, EV 88.8 MPH)
|
| Bottom of the 2nd over - 2 runs, 2 hits, 0 errors, 0 left on base; Quincy 1 - Wausau 2 |
| TOP OF THE 3RD |
|
Quincy Cubs batting - Pitching for Wausau Timbers : RHP Mario Duran
|
|
Batting: RHB Richard Palmer
|
0-0: Called Strike 0-1: Ball 1-1: Foul Ball, location: 2F 1-2: Ball 2-2: Ground out 3-1 (Groundball, 34, EV 82.5 MPH)
|
|
Batting: RHB Alex Juarez
|
0-0: Ball 1-0: Swinging Strike 1-1: Ball 2-1: Called Strike 2-2: Ball 3-2: Foul Ball, location: 2F 3-2: Ground out 6-3 (Groundball, 6, EV 103.1 MPH)
|
|
Batting: RHB Jack Ayer
|
0-0: SINGLE (Line Drive, 78S, EV 100.0 MPH)
|
|
Batting: SHB Willie Perez
|
0-0: Ball Jack Ayer steals 2nd base (no throw) 1-0: Ball Wild Pitch! Jack Ayer to third 2-0: Ball Wild Pitch! Jack Ayer scores 3-0: Foul Ball, location: 2F 3-1: Base on Balls
|
|
Batting: RHB Wes Clements
|
0-0: Foul Ball, location: 2F 0-1: Ball 1-1: Ball 2-1: Swinging Strike 2-2: Strikes out swinging
|
| Top of the 3rd over - 1 run, 1 hit, 0 errors, 1 left on base; Quincy 2 - Wausau 2 |
| BOTTOM OF THE 3RD |
|
Wausau Timbers batting - Pitching for Quincy Cubs : RHP Charles Lusted
|
|
Batting: RHB Isaac Seoanee
|
0-0: Ground out 6-3 (Groundball, 6, EV 88.8 MPH)
|
|
Batting: SHB Herman Lewis
|
0-0: Ball 1-0: Called Strike 1-1: Called Strike 1-2: Foul Ball, location: 2F 1-2: Ball 2-2: Foul Ball, location: 2F 2-2: Ball 3-2: Base on Balls
|
|
Batting: LHB Rodney Nealeigh
|
0-0: Fielders Choice at 2nd, 4-6 (Groundball, 4, EV 85.6 MPH)
|
|
Batting: RHB Rich Renteria
|
0-0: Ball 1-0: Called Strike 1-1: Called Strike 1-2: SINGLE (Line Drive, 4MD, EV 96.3 MPH) Rodney Nealeigh to second Runner from 2nd tries for 3rd, SAFE, throw by CF made to third
|
|
Batting: LHB Tom M Foley
|
0-0: Ball 1-0: Fly out, F8 (Flyball, 78D, EV 101.3 MPH)
|
| Bottom of the 3rd over - 0 runs, 1 hit, 0 errors, 2 left on base; Quincy 2 - Wausau 2 |
| TOP OF THE 4TH |
|
Quincy Cubs batting - Pitching for Wausau Timbers : RHP Mario Duran
|
|
Batting: RHB Jerry Fry
|
0-0: Ball 1-0: Ground out 2-3 (Groundball, 2R, EV 72.5 MPH)
|
|
Batting: RHB Billy Best
|
0-0: Ground out 5-3 (Groundball, 56, EV 82.5 MPH)
|
|
Batting: RHB Garry Keeton
|
0-0: Called Strike 0-1: SINGLE (Groundball, 56D, EV 94.4 MPH)
|
|
Batting: RHB Samuel Bass
|
0-0: Ball 1-0: Ground out 4-3 (Groundball, 4S, EV 90.6 MPH)
|
| Top of the 4th over - 0 runs, 1 hit, 0 errors, 1 left on base; Quincy 2 - Wausau 2 |
| BOTTOM OF THE 4TH |
|
Wausau Timbers batting - Pitching for Quincy Cubs : RHP Charles Lusted
|
|
Batting: RHB Douglas Davis
|
0-0: Swinging Strike 0-1: Swinging Strike 0-2: Ball 1-2: Ball 2-2: Strikes out swinging
|
|
Batting: LHB Ricky Seilheimer
|
0-0: Fly out, F7 (Flyball, 7S, EV 70.0 MPH)
|
|
Batting: RHB Bruce Chaney
|
0-0: Ball 1-0: Fly out, F4 (Flyball, 34D, EV 81.3 MPH)
|
| Bottom of the 4th over - 0 runs, 0 hits, 0 errors, 0 left on base; Quincy 2 - Wausau 2 |
| TOP OF THE 5TH |
|
Quincy Cubs batting - Pitching for Wausau Timbers : RHP Mario Duran
|
|
Batting: RHB Richard Palmer
|
0-0: Called Strike 0-1: Ball 1-1: Swinging Strike 1-2: Fly out, F8 (Line Drive, 8LD, EV 93.1 MPH)
|
|
Batting: RHB Alex Juarez
|
0-0: Called Strike 0-1: Ball 1-1: Foul Ball, location: 2F 1-2: Strikes out swinging
|
|
Batting: RHB Jack Ayer
|
0-0: Reached on error, E2 (Groundball, 13S, EV 71.3 MPH)
|
|
Batting: SHB Willie Perez
|
0-0: Intentional Walk
|
|
Batting: RHB Wes Clements
|
0-0: Ball 1-0: Foul Ball, location: 2F 1-1: Ball 2-1: Called Strike 2-2: Ground out 4-3 (Groundball, 4, EV 83.8 MPH)
|
| Top of the 5th over - 0 runs, 0 hits, 1 error, 2 left on base; Quincy 2 - Wausau 2 |
| BOTTOM OF THE 5TH |
|
Wausau Timbers batting - Pitching for Quincy Cubs : RHP Charles Lusted
|
|
Batting: RHB Jeffrey Young
|
0-0: Ball 1-0: Fly out, F9 (Flyball, 9, EV 92.5 MPH)
|
|
Batting: RHB Isaac Seoanee
|
0-0: Ball 1-0: Called Strike 1-1: Ball 2-1: Ball 3-1: Called Strike 3-2: Strikes out swinging
|
|
Batting: SHB Herman Lewis
|
0-0: Foul Ball, location: 2F 0-1: Ball 1-1: Foul Ball, location: 2F 1-2: Foul Ball, location: 2F 1-2: Ball 2-2: Ball 3-2: Reached on error, E3 (Groundball, 3, EV 91.3 MPH)
|
|
Batting: LHB Rodney Nealeigh
|
0-0: Ball Herman Lewis steals 2nd base 1-0: Called Strike 1-1: Ball 2-1: Ball 3-1: Foul Ball, location: 2F 3-2: Base on Balls
|
|
Batting: RHB Rich Renteria
|
0-0: Called Strike 0-1: Ball 1-1: Ball 2-1: Ground out 5-3 (Groundball, 5S, EV 69.4 MPH)
|
| Bottom of the 5th over - 0 runs, 0 hits, 1 error, 2 left on base; Quincy 2 - Wausau 2 |
| TOP OF THE 6TH |
|
Quincy Cubs batting - Pitching for Wausau Timbers : RHP Mario Duran
|
|
Batting: RHB Jerry Fry
|
0-0: Ball 1-0: Called Strike 1-1: Ball 2-1: Foul Ball, location: 2F 2-2: Fly out, F9 (Flyball, 9, EV 92.5 MPH)
|
|
Batting: RHB Billy Best
|
0-0: SINGLE (Groundball, 6MD, EV 95.0 MPH)
|
|
Batting: RHB Garry Keeton
|
0-0: Called Strike 0-1: Fly out, F7 (Flyball, 7S, EV 81.3 MPH)
|
|
Batting: RHB Samuel Bass
|
0-0: Called Strike 0-1: SINGLE (Line Drive, 3D, EV 104.4 MPH) Billy Best to second Runner from 2nd tries for 3rd, SAFE, throw by RF made to third
|
|
Batting: RHB Richard Palmer
|
0-0: Reached on error, E5 (Groundball, 5L, EV 84.4 MPH) Billy Best scores Samuel Bass to second
|
|
Batting: RHB Alex Juarez
|
0-0: Called Strike 0-1: Fly out, F1 (Line Drive, P, EV 65.0 MPH)
|
| Top of the 6th over - 1 run, 2 hits, 1 error, 2 left on base; Quincy 3 - Wausau 2 |
| BOTTOM OF THE 6TH |
|
Wausau Timbers batting - Pitching for Quincy Cubs : RHP Charles Lusted
|
|
Batting: LHB Tom M Foley
|
0-0: Called Strike 0-1: Ball 1-1: Ball 2-1: Ball 3-1: Foul Ball, location: 2F 3-2: Foul Ball, location: 2F 3-2: Base on Balls
|
|
Batting: RHB Douglas Davis
|
0-0: DOUBLE (Line Drive, 5D, EV 100.0 MPH) Tom M Foley to third Runner from 3rd tries for Home, SAFE, throw by LF to home
|
|
Batting: LHB Ricky Seilheimer
|
0-0: Ball 1-0: Ball 2-0: Ball 3-0: Base on Balls
|
|
Batting: RHB Bruce Chaney
|
0-0: Bunt missed! 0-1: Bunt missed! 0-2: Fielders Choice at 2nd, 6-4 (Groundball, 6, EV 85.0 MPH) Douglas Davis to third
|
|
Batting: RHB Jeffrey Young
|
0-0: Called Strike Bruce Chaney steals 2nd, throwing error, E2 Douglas Davis scores Bruce Chaney to third 0-1: Ground out 4-3 (Groundball, 13, EV 86.9 MPH)
|
|
Batting: RHB Isaac Seoanee
|
0-0: Ball 1-0: Foul Ball, location: 2F 1-1: Swinging Strike 1-2: Foul Ball, location: 2F 1-2: Ball 2-2: Ground out 4-3 (Groundball, 34D, EV 103.1 MPH)
|
| Bottom of the 6th over - 2 runs, 1 hit, 1 error, 1 left on base; Quincy 3 - Wausau 4 |
| TOP OF THE 7TH |
|
Quincy Cubs batting - Pitching for Wausau Timbers : RHP Mario Duran
|
|
Batting: RHB Jack Ayer
|
0-0: Ball 1-0: Foul Ball, location: 2F 1-1: Ball 2-1: Swinging Strike 2-2: Ball 3-2: Strikes out swinging, 2-3 out at first.
|
|
Batting: SHB Willie Perez
|
0-0: SINGLE (Groundball, 4MD, EV 106.9 MPH)
|
|
Batting: RHB Wes Clements
|
0-0: Foul Ball, location: 2F 0-1: Swinging Strike 0-2: Ball 1-2: Strikes out swinging
|
|
Batting: RHB Jerry Fry
|
0-0: Called Strike 0-1: Ball 1-1: Fly out, F9 (Flyball, 9, EV 74.4 MPH)
|
| Top of the 7th over - 0 runs, 1 hit, 0 errors, 1 left on base; Quincy 3 - Wausau 4 |
| BOTTOM OF THE 7TH |
|
Wausau Timbers batting - Pitching for Quincy Cubs : RHP Charles Lusted
|
|
Batting: SHB Herman Lewis
|
0-0: Ball 1-0: Ball 2-0: Ball 3-0: Base on Balls
|
|
Batting: LHB Rodney Nealeigh
|
0-0: Bunted foul 0-1: Called Strike Herman Lewis steals 2nd base 0-2: Fly out, F9 (Flyball, 89D, EV 85.0 MPH) Runner from 2nd tags up, SAFE at 3rd, no throw by RF
|
|
Batting: RHB Rich Renteria
|
0-0: Called Strike 0-1: Called Strike 0-2: Foul Ball, location: 2F 0-2: Foul Ball, location: 2F 0-2: Fly out, F9 (Flyball, 9LS, EV 90.6 MPH)
|
|
Batting: LHB Tom M Foley
|
0-0: Ball 1-0: Ball 2-0: Ball 3-0: Called Strike 3-1: Called Strike 3-2: Foul Ball, location: 2F 3-2: Foul Ball, location: 2F 3-2: Foul Ball, location: 2F 3-2: Foul Ball, location: 2F 3-2: Fly out, F9 (Flyball, 9, EV 78.1 MPH)
|
| Bottom of the 7th over - 0 runs, 0 hits, 0 errors, 1 left on base; Quincy 3 - Wausau 4 |
| TOP OF THE 8TH |
|
Quincy Cubs batting - Pitching for Wausau Timbers : RHP Mario Duran
|
|
Batting: RHB Billy Best
|
0-0: Ball 1-0: Foul Ball, location: 2F 1-1: SINGLE (Groundball, 6MD, EV 98.8 MPH)
|
|
Pitching: RHP Alan Holbrook
|
|
|
Batting: RHB Garry Keeton
|
0-0: Sac Bunt to 23 - play at first, batter safe! Billy Best to second
|
|
Pinch Runner at 2nd George Crum:
|
|
|
Pinch Hitting: LHB Dennis Mork
|
0-0: Ball 1-0: Ball 2-0: Called Strike 2-1: Fly out, F8 (Line Drive, 8LD, EV 91.3 MPH)
|
|
Batting: RHB Richard Palmer
|
0-0: Ball 1-0: Grounds into double play, 6-4-3 (Groundball, 6, EV 92.5 MPH)
|
| Top of the 8th over - 0 runs, 2 hits, 0 errors, 1 left on base; Quincy 3 - Wausau 4 |
| BOTTOM OF THE 8TH |
|
Wausau Timbers batting - Pitching for Quincy Cubs : RHP Charles Lusted
|
|
Now in LF: George Crum
|
|
|
Now in CF: Dennis Mork
|
|
|
Batting: RHB Douglas Davis
|
0-0: Ball 1-0: Ball 2-0: Ball 3-0: Called Strike 3-1: Base on Balls
|
|
Batting: LHB Ricky Seilheimer
|
0-0: Ball 1-0: Swinging Strike 1-1: Called Strike 1-2: Ball 2-2: Ball 3-2: Base on Balls Douglas Davis to second
|
|
Batting: RHB Bruce Chaney
|
0-0: Called Strike 0-1: Bunted foul 0-2: Ball 1-2: Foul Ball, location: 2F 1-2: Fly out, F7 (Flyball, 7LD, EV 99.4 MPH)
|
|
Batting: RHB Jeffrey Young
|
0-0: Swinging Strike 0-1: SINGLE (Flyball, 9LS, EV 91.9 MPH) Douglas Davis to third Ricky Seilheimer to second Runner from 3rd tries for Home, SAFE, throw by RF to home
|
|
Batting: RHB Isaac Seoanee
|
0-0: Ball 1-0: Foul Ball, location: 2F 1-1: Foul Ball, location: 2F 1-2: SINGLE (Flyball, 9S, EV 98.1 MPH) Ricky Seilheimer to third Jeffrey Young to second Runner from 3rd tries for Home, SAFE, throw by RF to home
|
|
Pitching: LHP Brian Duffy
|
|
|
Batting: SHB Herman Lewis
|
0-0: Ball 1-0: Swinging Strike 1-1: Grounds into double play, 4-6-3 (Groundball, 4S, EV 85.0 MPH)
|
| Bottom of the 8th over - 2 runs, 2 hits, 0 errors, 1 left on base; Quincy 3 - Wausau 6 |
| TOP OF THE 9TH |
|
Quincy Cubs batting - Pitching for Wausau Timbers : RHP Alan Holbrook
|
|
Batting: RHB Alex Juarez
|
0-0: Ball 1-0: Foul Ball, location: 2F 1-1: Swinging Strike 1-2: Ball 2-2: Foul Ball, location: 2F 2-2: Ground out 6-3 (Groundball, 6, EV 82.5 MPH)
|
|
Batting: RHB Jack Ayer
|
0-0: Ball 1-0: Ball 2-0: Ball 3-0: Called Strike 3-1: Base on Balls
|
|
Batting: SHB Willie Perez
|
0-0: Called Strike 0-1: Ball 1-1: Foul Ball, location: 2F 1-2: Fielders Choice at 2nd, 3-6 (Groundball, 3, EV 78.1 MPH)
|
|
Batting: RHB Wes Clements
|
0-0: Called Strike 0-1: Ball 1-1: Foul Ball, location: 2F 1-2: Strikes out looking
|
| Top of the 9th over - 0 runs, 0 hits, 0 errors, 1 left on base; Quincy 3 - Wausau 6 |
|